 Dungeon Crawl Stone Soup version 0.26-a0-854-gdc81c2f471 (webtiles) character file.

Game seed: 14488416804004939975

2743 miscthings the Cleaver (level 9, -18/73 HPs)
             Began as a Ghoul Wanderer on Nov 23, 2020.
             Was an Elder of Makhleb.
             Demolished by Menkaure (19 damage)
             ... on level 7 of the Dungeon.
             The game lasted 00:15:34 (6978 turns).

miscthings the Cleaver (Ghoul Wanderer)             Turns: 6978, Time: 00:15:35

Health: -18/73     AC:  6    Str: 17    XL:     9   Next: 68%
Magic:  8/8        EV: 10    Int:  9    God:    Makhleb [****..]
Gold:   33         SH:  0    Dex:  8    Spells: 8/8 levels left

rFire    . . .     SeeInvis .   q - +4 quarterstaff (chaos)
rCold    + . .     Faith    .   (shield currently unavailable)
rNeg     + + +     Spirit   .   c - +0 ring mail
rPois    ∞         Reflect  .   (no helmet)
rElec    .         Harm     .   o - +0 cloak
rCorr    .         Rampage  .   (no gloves)
MR       .....                  (no boots)
Stlth    ++........             (no amulet)
HPRegen  0.00/turn              p - ring of flight
MPRegen  0.11/turn              n - ring of stealth

@: no status effects
A: rotting body, claws 1, cold resistance 1, negative energy resistance 3,
inhibited regeneration, torment resistance, unbreathing
a: Minor Destruction, Lesser Servant of Makhleb, Major Destruction, Renounce
Religion, Evoke Flight


You were on level 7 of the Dungeon.
You worshipped Makhleb.
Makhleb was greatly pleased with you.
You visited 1 branch of the dungeon, and saw 7 of its levels.
You also visited: Ossuary.

You collected 513 gold pieces.
You spent 480 gold pieces at shops.

Inventory:

Hand Weapons
 d - a +2 flail of draining
 e - a +2 war axe of freezing
 q - a +4 quarterstaff of chaos (weapon)
 w - a +2 hand crossbow
Missiles
 b - 52 bolts
Armour
 c - a +0 ring mail (worn)
 o - a +0 cloak (worn)
Jewellery
 n - a ring of stealth (right claw)
 p - a ring of flight (left claw)
Wands
 s - a wand of flame (17)
Scrolls
 a - 2 scrolls of enchant weapon
 f - 3 scrolls of fog
 g - a scroll of enchant armour
 i - a scroll of remove curse
 j - a scroll of identify {@r1}
 l - 2 scrolls of magic mapping
 m - a scroll of blinking
 u - a scroll of immolation
 y - a scroll of teleportation
Potions
 h - 9 potions of curing
 k - 3 potions of flight
 r - 3 potions of haste
 t - a potion of brilliance
 v - 2 potions of heal wounds
Miscellaneous
 x - a condenser vane (inert)


   Skills:
 - Level 4.8 Fighting
 + Level 11.3 Axes
 - Level 1.0(7.3) Maces & Flails
 - Level 1.0 Crossbows
 - Level 1.0 Throwing
 - Level 2.6 Armour
 - Level 1.1 Stealth


You had 8 spell levels left.
You didn't know any spells.
Your spell library contained the following spells:

 Spells                   Type           Power        Failure   Level
 Animate Skeleton         Necr           #.....       58%         1
 Apportation              Tloc           #.....       58%         1
 Corona                   Hex            #......      58%         1
 Summon Small Mammal      Summ           #...         58%         1


Dungeon Overview and Level Annotations

Branches:
Dungeon (7/15)             Temple (0/1) D:5         Ossuary (visited)

Altars:
Dithmenos
Hepliaklqana
Makhleb
Nemelex Xobeh
Ru
Trog
Uskayaw
Xom
Yredelemnul

Shops:
D:4 }   D:6 *

Annotations:
D:5 2 transporters
D:7 Menkaure, Prince Ribbit


Innate Abilities, Weirdness & Mutations

Your body is rotting away.
You thrive by killing the living.
You are immune to poison.
You have sharp fingernails.
Your flesh is cold resistant. (rC+)
You are immune to negative energy. (rN+++)
You do not regenerate when monsters are visible.
You are immune to unholy pain and torment.
You can survive without breathing.


Message History

The sky beast flickers out of sight!
Deactivating autopickup; reactivate with Ctrl-A.
Menkaure gestures wildly while chanting.
Menkaure seems to speed up.
You hit Menkaure but do no damage.
Nothing appears to happen.
Menkaure is heavily damaged.
Menkaure barely misses you. x2
You completely miss Menkaure.
Menkaure is heavily damaged.
Menkaure hits you!!
You completely miss Menkaure.
Menkaure is heavily damaged.
Menkaure hits you!! Something hits you but does no damage. Menkaure hits you!!
* * * LOW HITPOINT WARNING * * *
You hit Menkaure. You burn Menkaure.
Menkaure is severely damaged.
Something hits you but does no damage. Menkaure barely misses you.
Something hits you but does no damage. Menkaure hits you!!
You die...

####### #........ #.....#
#........ #.....#
#........ ########.....#
#........ #............#
#........
#.######.....#####........
.........................
.######.###...#####.....#
#....).@.........#.....#
..#.####M######....#######
...................... .#
.........######....### .o
........... ....# ..
...........# ....# ..
...........+ ..... ..
...........# ..
......?....# ..


You could see Menkaure (fast, strong).

Vanquished Creatures
  A water nymph (shapeshifter) (D:7)
  Joseph (D:7)
  An orc warrior (D:7)
  3 ice beasts
  A phantom (D:5)
  A sky beast (D:5)
  An ogre (D:5)
  2 centaurs
  4 howler monkeys
  A bullfrog zombie (D:7)
  6 hounds
  A jelly (D:6)
  2 orc wizards
  2 orc priests
  Crazy Yiuf (D:2)
  A bullfrog skeleton (D:5)
  An iguana (D:7)
  Ijyb (D:4)
  Terence (D:3)
  9 worker ants
  6 big kobold zombies (Ossuary)
  2 hound skeletons (D:5)
  A mummy (Ossuary)
  8 gnolls
  8 adders
  A white imp (D:5)
  An ufetubus (D:5)
  2 oozes
  2 adder skeletons (D:5)
  2 worms (D:2)
  3 dart slugs
  9 leopard geckos
  17 orcs
  2 spectral bats (Ossuary)
  5 giant cockroaches
  6 gnoll zombies (Ossuary)
  12 hobgoblins
  8 jackals
  6 kobolds
  4 quokkas
  A ball python (D:3)
  7 bats
  4 bat simulacra (Ossuary)
  4 frilled lizards
  7 goblins
  A goblin simulacrum (Ossuary)
  5 goblin zombies (Ossuary)
  4 hobgoblin zombies (Ossuary)
  4 kobold simulacra (Ossuary)
  3 kobold zombies (Ossuary)
  3 orc zombies (Ossuary)
  A quokka skeleton (D:5)
  2 quokka zombies
  4 rats
  3 rat simulacra (Ossuary)
  3 spectral goblins (Ossuary)
  A spectral kobold (Ossuary)
  5 spectral rats (Ossuary)
208 creatures vanquished.

Vanquished Creatures (others)
  An orc wizard (D:4)
  2 plants (D:4)
3 creatures vanquished.

Grand Total: 211 creatures vanquished

Notes
Turn   | Place    | Note
-------+----------+-------------------------------------------
     0 | D:1      | miscthings the Ghoul Wanderer began the quest for the Orb.
     0 | D:1      | miscthings set off with the following items: a +2 hand
                  | crossbow, 22 bolts, a +0 ring mail, a +0 mace
     0 | D:1      | Reached XP level 1. HP: 19/19 MP: 0/0
   103 | D:1      | Reached XP level 2. HP: 27/27 MP: 1/1
   306 | D:1      | Reached XP level 3. HP: 30/34 MP: 2/2
   614 | D:2      | Found a runed translucent door.
   615 | D:2      | Noticed Crazy Yiuf
   755 | D:2      | Reached skill level 1 in Axes
   832 | D:2      | Reached XP level 4. HP: 41/41 MP: 3/3
  1243 | D:2      | Found a shadowy altar of Dithmenos.
  1729 | D:3      | Reached skill level 2 in Axes
  1914 | D:2      | Killed Crazy Yiuf
  1977 | D:3      | Noticed Terence
  1990 | D:3      | Killed Terence
  1991 | D:3      | Reached skill level 3 in Axes
  1991 | D:3      | Reached XP level 5. HP: 29/47 MP: 4/4
  2131 | D:3      | Found a hide-covered altar of Uskayaw.
  2143 | D:3      | Found a hazy altar of Hepliaklqana.
  2146 | D:3      | Found a burning altar of Makhleb.
  2149 | D:3      | Found a bloodstained altar of Trog.
  2155 | D:3      | Became a worshipper of Makhleb the Destroyer
  2221 | D:3      | Reached skill level 4 in Axes
  2228 | D:3      | Reached XP level 6. HP: 34/55 MP: 5/5
  2470 | D:3      | Found a sacrificial altar of Ru.
  2770 | D:3      | Reached * piety under Makhleb
  2980 | D:4      | Reached skill level 5 in Axes
  2982 | D:4      | Noticed Ijyb
  3003 | D:4      | Reached XP level 7. HP: 38/60 MP: 6/6
  3023 | D:4      | Killed Ijyb
  3190 | D:4      | Reached skill level 6 in Axes
  3434 | D:4      | You fall into a shaft and drop 1 floor!
  3434 | D:5      | Entered Level 5 of the Dungeon
  3497 | D:5      | Reached skill level 7 in Axes
  3516 | D:5      | Reached XP level 8. HP: 63/67 MP: 7/7
  3547 | D:5      | Found a transporter.
  3580 | D:5      | Found a staircase to the Ecumenical Temple.
  3642 | D:5      | Reached skill level 8 in Axes
  3871 | D:5      | Found a sand-covered staircase.
  3878 | Ossuary  | Entered an ossuary
  3881 | Ossuary  | Reached ** piety under Makhleb
  4131 | Ossuary  | Reached skill level 9 in Axes
  4143 | Ossuary  | Reached *** piety under Makhleb
  4248 | D:5      | Found a transporter.
  4248 | D:5      | Noticed a troll
  4249 | D:5      | Noticed a freezing wraith
  4263 | D:5      | Found a sparkling altar of Nemelex Xobeh.
  4264 | D:5      | Found a basalt altar of Yredelemnul.
  4819 | D:4      | Found Xituqegh's Gadget Shoppe.
  4821 | D:4      | Found a shimmering altar of Xom.
  5774 | D:6      | Reached XP level 9. HP: 73/73 MP: 8/8
  6169 | D:6      | Reached skill level 10 in Axes
  6316 | D:6      | Found Ythop's General Store.
  6434 | D:4      | Bought a condenser vane for 480 gold pieces
  6633 | D:7      | Noticed Joseph
  6635 | D:7      | Noticed a glowing shapeshifter
  6635 | D:7      | an ice beast changed into a glowing shapeshifter
  6635 | D:7      | a glowing shapeshifter changed into a slime creature
  6637 | D:7      | Noticed a glowing orange brain
  6637 | D:7      | a slime creature changed into a glowing orange brain
  6639 | D:7      | a glowing orange brain changed into a floating eye
  6640 | D:7      | Noticed a mana viper
  6641 | D:7      | Noticed a two-headed ogre
  6641 | D:7      | a mana viper changed into a two-headed ogre
  6643 | D:7      | Noticed a water nymph
  6643 | D:7      | a two-headed ogre changed into a water nymph
  6646 | D:7      | Killed a water nymph
  6650 | D:7      | Killed Joseph
  6650 | D:7      | Reached **** piety under Makhleb
  6651 | D:7      | Reached skill level 11 in Axes
  6910 | D:7      | Noticed Prince Ribbit
  6969 | D:7      | Noticed Menkaure
  6975 | D:7      | HP: 1/73 [Menkaure (30)]
  6978 | D:7      | Demolished by Menkaure

Illustrated notes

Levels and vault maps discovered:
D:1:      zaba_arrival_water, layout_basic, grunt_decor_one_mirror
D:2:      layout_loops_ring, old_standard_altar, uniq_crazy_yiuf_cottage
D:3:      layout_basic, grunt_temple_overflow_cloverleaf,
          nicolae_ru_great_annihilating_truth, uniq_terence
D:4:      layout_basic, xom_teletrap_fun, serial_shops, nicolae_shop_waterfront,
          serial_bayou_pond_d, roderic_lattice_a, patterned_corridor, uniq_ijyb
D:5:      minmay_polygon_palace, layout_loops_ring,
          gammafunk_temple_overflow_arena, chequers_ossuary_entry_cave
D:6:      layout_basic, serial_shops, nicolae_shop_waterfront,
          minmay_misc_feat_four_crosses
D:7:      gammafunk_the_bubble [the_bubble_gammafunk_crates], layout_basic,
          fiery_altar_vehumet, uniq_prince_ribbit1, uniq_joseph, uniq_menkaure

Skill      XL: |  1  2  3  4  5  6  7  8  9 |
---------------+----------------------------+-----
Fighting       | 4 |  4.8
Axes           | 1 3 4 5 7 9 11 | 11.3
Maces & Flails | |  1.0
Crossbows      | |  1.0
Throwing       | |  1.0
Armour         | |  2.6
Stealth        | |  1.1

Action                   |  1- 3 |  4- 6 |  7- 9 || total
-------------------------+-------+-------+-------++-------
Melee: Mace              |    27 |    41 |       ||    68
       Quarterstaff      |       |   111 |   354 ||   465
       War axe           |       |       |    13 ||    13
 Fire: Hand crossbow     |    55 |     6 |    24 ||    85
Throw: Throwing net      |       |       |     1 ||     1
Evoke: Condenser vane    |       |       |     1 ||     1
  Use: Scroll            |       |       |    16 ||    16
 Stab: Paralysed         |       |     3 |     4 ||     7
       Sleeping          |       |     1 |     3 ||     4
       Petrified         |       |       |     1 ||     1
Armor: Ring mail         |    24 |    71 |   148 ||   243
Dodge: Dodged            |    34 |    91 |   214 ||   339

Table legend: (Time is in decaauts)
 A = Elapsed time spent in this place.
 B = Non-inter-level travel time spent in this place.
 C = Inter-level travel time spent in this place.
 D = Time resting spent in this place.
 E = Time spent auto-exploring this place.
 F = Levels seen in this place.
 G = Mean time per level.
                   A        B        C        D        E       F      G
               +--------+--------+--------+--------+--------+-----+--------+
         Total |   7174 |   6607 |    567 |   1040 |   3684 |   8 |  896.8 |
       Dungeon |   6802 |   6235 |    567 |   1040 |   3607 |   7 |  971.7 |
       Ossuary |    372 |    372 |      0 |      0 |     77 |   1 |  372.0 |
               +--------+--------+--------+--------+--------+-----+--------+

Top non-repeatable levels by time:
     D:2: 1424 daAuts
     D:4: 1348 daAuts
     D:5: 1136 daAuts
     D:3: 1028 daAuts
     D:6: 886 daAuts
     D:1: 535 daAuts
     D:7: 442 daAuts
 Ossuary: 372 daAuts
